FFFF, neutral male gnomish Wizard ------ #-....| #|>....# ----- #|....|# ....| #------# |....# ### # |.{.|Z # # ....|# # # |%..|### -----# # ----- # |...|# # ### |...|# *######## # |...|# # ---.--- ###|...|# ###|.....| #-....# #+.....| |...| |.....| ----- |.<...| ------- FFFF the Conjurer Experience level: 3 Strength: 7 Dexterity: 14 Constitution: 14 Intelligence: 19 Wisdom: 11 Charisma: 11 Health: 0(24) Energy: 28(28) Def: 4 Gold: 283 Moves: 1385 Dungeon seed: YlRFREUXb7_s9wnY Game ID: FFFF_1512072925 Your Inventory: Coins $ - 283 gold pieces Weapons a - a blessed +1 quarterstaff (weapon in hands) r - a +0 dwarvish spear Armor e - an uncursed +0 cloak of magic resistance (being worn) Comestibles w - an uncursed food ration Scrolls i - an uncursed scroll of create monster j - 2 uncursed scrolls of identify k - an uncursed scroll of teleportation Spellbooks l - a blessed spellbook of force bolt m - an uncursed spellbook of detect unseen Potions f - an uncursed potion of invisibility g - an uncursed potion of paralysis h - an uncursed potion of gain ability o - an uncursed potion of enlightenment s - a blessed potion of restore ability Rings c - an uncursed +3 ring of protection (on left hand) d - an uncursed ring of stealth (on right hand) Wands b - a wand of teleportation (0:3) t - a wand of light (0:14) x - a wand of make invisible (0:3) Tools p - an uncursed lock pick v - an uncursed sack Gems n - 2 uncursed obsidian stones Spells and supernatural/magical abilities: Name Level Category Fail Memory a - force bolt 1 attack 0% 94% U - detect unseen 3 divination 79% 94% W - pray for help -- divine ? -- Your skills at the end: Fighting Skills Weapon Skills quarterstaff [Basic] Spellcasting Skills attack spells [Basic] enchantment spells [Basic] Final Attributes: You were devoutly aligned. You were magic-protected. You had infravision. You were invisible. You were stealthy. You aggravated monsters. You were protected. You are dead. Vanquished creatures: a little dog a giant bat an orc zombie 2 giant rats 2 yellow molds a gnome zombie 3 geckos 3 jackals a kobold a newt 16 creatures vanquished. Voluntary challenges: You used a wielded weapon 19 times, starting on turn 64. You read items or engraved 8 times, starting on turn 1. You never genocided any monsters. You never polymorphed an object. You never changed form. You used no wishes. You never split a pudding. You wrote Elbereth's name 7 times, starting on turn 1. You never violated your personal moral code. Dungeon overview: The Dungeons of Doom: levels 1 to 4 Level 1 a long staircase Level 2 a fountain Level 3 stairs to The Gnomish Mines Level 4 <- You were here a fountain The Gnomish Mines: Level 4 stairs to The Dungeons of Doom History has recorded: On T:1 you entered the Dungeons of Doom to retrieve the Amulet of Yendor! On T:277 you reached level 2 of The Dungeons of Doom. On T:543 you reached level 3 of The Dungeons of Doom. On T:584 you reached level 1 of The Gnomish Mines. On T:776 you advanced to experience level 2. On T:1080 you reached level 4 of The Dungeons of Doom. On T:1288 you advanced to experience level 3. Score breakdown: Gold: 283 ( 8345 points) Experience: 3 levels ( 7878 points) Exploration: 4 levels ( 7.69%) ( 7276 points) Discoveries: 2 items ( 0.70%) ( 2504 points) Valuables value: (no points given unless you survive) Artifact value: 0 ( 0 points) Variety of kills: 10 monsters ( 2.62%) ( 4860 points) Turncount: 1385 turns ( 0 points) Survival: died (score multiplied by 80%) Total score: 24690 Latest messages: The dwarf zombie hits! You attack thin air. You miss the dwarf zombie. The dwarf zombie hits! You hear the footsteps of a guard on patrol. You attack thin air. You whack the wall. Your quarterstaff vibrates violently! The dwarf zombie hits! You begin praying to Thoth. You are surrounded by a shimmering light. You feel that Thoth is well-pleased. You feel a bit steadier now. The dwarf zombie hits! You hit the dwarf zombie! You miss the dwarf zombie. The dwarf zombie hits! You die... The sack is empty. Final status: Goodbye FFFF the Wizard, killed by a dwarf zombie... You died in The Dungeons of Doom on dungeon level 4 with 24690 points, and 283 pieces of gold, after 1385 moves. You were level 3 with a maximum of 24 hit points when you died.